Map: Orbital Shipyard

Players

Cereal - Winner!

  • Race: Zerg Zerg

Creativity

  • Race: Terran Terran

VOD

Have the link to the VOD?

Description

Time

  • Played on: May 1, 2015, 6:46 p.m.
  • Length: 3:27
Show
View Real Time Build Order
Export as new Build Order

Cereal Zerg - Winner!

Build Orders: 3 Hatch before Pool 

Get SALT Encoding   

  12  0:27  Hatchery  
  11  0:30  Drone  
  11  0:35  Drone  
  13  0:40  Drone  
  14  1:08  Hatchery, Drone  
  14  1:13  Extractor  
  14  1:15  Drone  
  14  1:32  Spawning Pool  
  13  1:37  Drone  
  14  1:41  Drone  
  14  1:46  Drone  
  16  1:50  Drone  
  17  1:55  Drone  
  17  2:00  Drone  
  19  2:03  Drone  
  20  2:20  Queen  
  22  2:28  Queen  
  24  2:37  Spore Crawler  
  23  2:50  Overlord  
  23  3:02  Zergling x6  
  26  3:11  Drone x5  
  26  3:12  Drone  
Show
View Real Time Build Order
Export as new Build Order

Creativity Terran 

Build Orders: Reaper Expand 

Get SALT Encoding   

  12  0:01  SCV  
  13  0:13  SCV  
  14  0:18  Supply Depot  
  14  0:25  SCV  
  15  0:39  SCV  
  15  0:40  Barracks  
  16  0:45  Refinery  
  16  0:51  SCV  
  17  1:03  SCV  
  18  1:22  Command Center  
  18  1:28  Reaper  
  19  1:36  Orbital Command  
  19  2:03  SCV  
  19  2:05  Refinery  
  20  2:15  SCV  
  21  2:17  Factory  
  21  2:27  SCV  
  22  2:39  SCV  
  23  2:46  Marine  
  23  2:50  Orbital Command  
  24  2:51  SCV  
  24  3:01  Factory Tech Lab  
  24  3:03  SCV  
  25  3:08  Starport  
  25  3:14  Starport  
  25  3:20  Supply Depot  
Tags
 
Add a new tag
Caveats
  • Supply blocks, unpowered buildings, or Contaminate may cause inaccurate times.
  • Supply counts are checked every 10 seconds.